[Event "fics rated crazyhouse match"]
[Site "fics, Oklahoma City, OK USA"]
[Date "2000.02.15"]
[White "LSS"]
[WhiteElo "2532"]
[Black "valdushka"]
[BlackElo "2156"]
[TimeControl "180+0"]
[Result "1-0"]

1. e4 Nf6 2. e5 Nd5 3. Nc3 Nxc3 4. dxc3 d6 5. Nf3 Nc6 6. Bb5 
e6 7. Bf4 dxe5 8. Bxc6+ bxc6 9. Qxd8+ Kxd8 10. Rd1+ P@d6 11. Nxe5 B@e8 
12. N@b4 Bcd7 13. N@b7+ Kc8 14. Nxd7 Bxd7 15. Q@d8+ Kxb7 16. B@a6+ Kb6 17. Be3+ 
c5 18. Qxa8 N@a5 
{valdushka resigns} 1-0

[Event "fics rated crazyhouse match"]
[Site "fics, Oklahoma City, OK USA"]
[Date "2000.02.15"]
[White "valdushka"]
[WhiteElo "2154"]
[Black "LSS"]
[BlackElo "2534"]
[TimeControl "180+0"]
[Result "1-0"]

1. e4 e6 2. d4 d5 3. Nc3 Nc6 4. Bd3 Nf6 5. Nf3 dxe4 6. Nxe4 
Nxe4 7. Bxe4 Be7 8. Bxc6+ bxc6 9. Ne5 Bd7 10. Nxf7 Kxf7 11. N@e5+ Kf8 
12. N@f7 N@h4 13. Nxd8 Nxg2+ 14. Kf1 B@a6+ 15. P@d3 Ke8 16. Ndxc6 Bxc6 17. Nxc6 
Nh4 18. P@d7+ Kf8 19. P@g2 P@h3 20. Q@f4+ N@f5 21. B@e4 hxg2+ 22. Bxg2 Nxg2 
23. Qxc7 N@e3+ 24. Bxe3 Ngxe3+ 25. fxe3 Nxe3+ 26. Ke2 Nxd1 27. d8=Q+ Bxd8 28. P@e7+ 
Kf7 29. exd8=Q+ Kg6 30. Ne5+ Kf5 31. B@e4+ Kf4 32. P@g3# 
{LSS checkmated} 1-0

[Event "fics rated crazyhouse match"]
[Site "fics, Oklahoma City, OK USA"]
[Date "2000.02.15"]
[White "Ebenfelt"]
[WhiteElo "2302"]
[Black "Oddyseus"]
[BlackElo "2208"]
[TimeControl "180+0"]
[Result "1-0"]

1. e4 e6 2. Nc3 Be7 3. d4 d5 4. e5 Nc6 5. Nf3 Bd7 6. Be2 
f6 7. O-O fxe5 8. Nxe5 Nf6 9. Bh5+ g6 10. Bxg6+ hxg6 11. P@g7 Rf8 
12. gxf8=Q+ Bxf8 13. P@f7+ Ke7 14. Nxg6+ Kxf7 15. Nh8+ Ke7 16. P@e5 Ng8 17. Qh5 
Be8 18. R@f7+ Bxf7 19. Qxf7# 
{Oddyseus checkmated} 1-0

[Event "fics rated crazyhouse match"]
[Site "fics, Oklahoma City, OK USA"]
[Date "2000.02.15"]
[White "Oddyseus"]
[WhiteElo "2202"]
[Black "Ebenfelt"]
[BlackElo "2308"]
[TimeControl "180+0"]
[Result "0-1"]

1. e4 e5 2. Nc3 Bc5 3. Nf3 Nc6 4. Be2 Nf6 5. d3 d6 6. Bg5 
h6 7. Bxf6 Qxf6 8. Nd5 Qd8 9. N@h5 B@f8 10. a3 Bg4 11. Nd2 Bxe2 
12. Qxe2 Nd4 13. Qd1 B@e2 14. Qc1 Bxh5 15. c3 Ne2 16. Qd1 c6 17. Nb4 
Bxb4 18. axb4 N@f4 19. B@f1 Nxd3# 
{Oddyseus checkmated} 0-1

[Event "fics rated crazyhouse match"]
[Site "fics, Oklahoma City, OK USA"]
[Date "2000.02.15"]
[White "Ebenfelt"]
[WhiteElo "2314"]
[Black "Oddyseus"]
[BlackElo "2196"]
[TimeControl "180+0"]
[Result "1-0"]

1. e4 e6 2. Nc3 Ne7 3. d4 d5 4. exd5 exd5 5. Nf3 Nbc6 6. Bb5 
Be6 7. Ng5 P@f6 8. Nxe6 fxe6 9. Qe2 Qd7 10. B@h3 f5 11. Bg5 N@f6 
12. Bxf6 gxf6 13. N@c5 B@c8 14. Nxd7 Bxd7 15. Bxc6 bxc6 16. P@e5 fxe5 17. dxe5 
B@c4 18. P@d3 N@d4 19. Qh5+ P@g6 20. Qd1 Ba6 21. N@f6+ Kd8 22. Q@h4 c5 
23. Nfxd5 exd5 24. Nxd5 Bxd3 25. cxd3 P@e2 26. Qxe2 Nxe2 27. Nxe7 Bxe7 28. B@f6 
N@c2+ 29. Kxe2 N@d4+ 30. Kf1 Bxf6 31. Qxf6+ B@e7 32. Qxh8+ Be8 33. N@b7+ Kd7 
34. P@d5 c6 35. e6+ Kc7 36. Na5 Q@b6 37. P@e5 Qxa5 38. P@d6+ Kb6 39. B@c7+ 
Ka6 40. Bxa5 Rb8 41. N@c7+ Kb7 42. Q@a6# 
{Oddyseus checkmated} 1-0

[Event "fics rated crazyhouse match"]
[Site "fics, Oklahoma City, OK USA"]
[Date "2001.02.15"]
[White "Dopey"]
[WhiteElo "2409"]
[Black "ACC"]
[BlackElo "2207"]
[TimeControl "120+0"]
[Result "0-1"]

1. e4 e6 2. d4 d5 3. exd5 exd5 4. Bb5+ P@c6 5. Qe2+ Qe7 6. Bg5 
Nf6 7. Bxf6 gxf6 8. Qxe7+ Bxe7 9. N@g7+ Kd8 10. Nc3 B@b4 11. Q@f3 Bxc3+ 
12. bxc3 N@e4 13. Qxe4 dxe4 14. N@h6 Q@g6 15. Nxf7+ Qxf7 16. P@b6 axb6 17. B@h6 
cxb5 18. P@e6 Bxe6 19. Nxe6+ Qxe6 20. B@h3 P@f5 21. Bxf5 Qxf5 22. P@g7 Re8 
23. Ne2 P@g5 24. g8=Q Rxg8 25. O-O P@f3 26. h3 fxg2 27. f4 gxf1=Q+ 28. Rxf1 
N@f3+ 29. Rxf3 exf3 30. N@f7+ Kc8 31. P@d7+ Nxd7 32. Nd6+ Bxd6 33. Kf2 Q@g2+ 
34. Ke1 Qxe2# 
{Dopey checkmated} 0-1

[Event "fics rated crazyhouse match"]
[Site "fics, Oklahoma City, OK USA"]
[Date "2001.02.15"]
[White "Dopey"]
[WhiteElo "2321"]
[Black "BarryWhite"]
[BlackElo "2452"]
[TimeControl "180+0"]
[Result "0-1"]

1. e4 e6 2. d4 d5 3. exd5 exd5 4. Bb5+ Nc6 5. Qe2+ Be7 6. Bxc6+ 
bxc6 7. N@e5 Bd7 8. Nxf7 Kxf7 9. P@b7 Rb8 10. P@h6 gxh6 11. Bxh6 Nxh6 
12. Qh5+ Kg7 13. Qxh6+ Kxh6 14. N@f7+ Kg7 15. Nxd8 Rbxd8 16. P@f6+ Bxf6 17. Q@f4 
B@d6 18. Qxf6+ Kxf6 19. B@e5+ Bxe5 20. dxe5+ Kxe5 21. Nf3+ Ke6 22. Ng5+ Kf6 
23. Nxh7+ Rxh7 24. B@d4+ P@e5 25. Bxe5+ Kxe5 26. P@f4+ Kxf4 27. g3+ Kf5 28. g4+ 
Kxg4 29. P@f3+ Kxf3 30. Nd2+ Kf4 31. Kd1 B@d4 32. Rg1 Bxb2 33. c3 Bxa1 
34. b8=Q Rxb8 35. Ke2 P@d3+ 36. Kxd3 N@e5+ 37. Ke2 B@d3+ 38. Kd1 P@c2+ 39. Ke1 
Q@e2# 
{Dopey checkmated} 0-1

[Event "fics rated crazyhouse match"]
[Site "fics, Oklahoma City, OK USA"]
[Date "2001.02.15"]
[White "BarryWhite"]
[WhiteElo "2457"]
[Black "Dopey"]
[BlackElo "2311"]
[TimeControl "180+0"]
[Result "1-0"]

1. e4 Nf6 2. Nc3 d5 3. exd5 Nxd5 4. d4 e6 5. Bd2 Nxc3 6. bxc3 
N@e4 7. Bd3 Nxf2 8. Kxf2 Qf6+ 9. Qf3 Qxf3+ 10. Nxf3 P@g3+ 11. hxg3 P@b2 
12. Rab1 Nc6 13. Rxb2 Ba3 14. Rb3 Bd6 15. N@e4 Bxg3+ 16. Nxg3 P@e3+ 17. Bxe3 
Q@g4 18. Rh4 Qxh4 19. Nxh4 R@g4 20. Nf3 Rxg3 21. Kxg3 e5 22. dxe5 Be6 
23. Rxb7 N@h5+ 24. Kf2 Bg4 25. B@b5 Bxf3 26. gxf3 Kf8 27. Bxc6 N@e7 28. Bce4 
Rd8 29. P@h6 Rg8 30. P@f6 Nxf6 31. exf6 gxf6 32. P@g7+ Ke8 33. R@f8+ Rxf8 
34. gxf8=Q+ Kxf8 35. P@g7+ Ke8 36. B@c6+ Nxc6 37. Bxc6+ Ke7 38. N@f5+ Ke6 39. Q@e4+ 
R@e5 40. N@f4# 
{Dopey checkmated} 1-0

[Event "fics rated crazyhouse match"]
[Site "fics, Oklahoma City, OK USA"]
[Date "2001.02.15"]
[White "Dopey"]
[WhiteElo "2302"]
[Black "BarryWhite"]
[BlackElo "2462"]
[TimeControl "180+0"]
[Result "0-1"]

1. e4 e6 2. d4 d5 3. exd5 exd5 4. Bb5+ Nc6 5. Qe2+ Be7 6. Bxc6+ 
bxc6 7. N@e5 Bd7 8. Nxf7 Kxf7 9. P@b7 Rb8 10. Nc3 Rxb7 11. P@d6 cxd6 
12. Qa6 Qc7 13. Qd3 P@e4 14. Nxe4 dxe4 15. Qxe4 B@f5 16. Qe2 N@h4 17. f3 
Nf6 18. P@g3 Ng6 19. P@g5 Nd5 20. g4 Bfe6 21. c4 Ndf4 22. Bxf4 Nxf4 
23. N@a6 Qa5+ 24. b4 Qxa6 25. Qd2 P@f6 26. gxf6 Bxf6 27. b5 cxb5 28. cxb5 
Bxb5 29. P@g6+ hxg6 30. P@c2 P@b2 31. Rb1 B@c1 32. Qxf4 Bxf4 33. N@g5+ B4xg5 
34. Ne2 Be3 35. c4 Bbxc4 36. Rxb2 Rxb2 37. P@c2 Q@f2+ 38. Kd1 Qxe2# 
{Dopey checkmated} 0-1

[Event "fics rated crazyhouse match"]
[Site "fics, Oklahoma City, OK USA"]
[Date "2001.02.15"]
[White "BarryWhite"]
[WhiteElo "2467"]
[Black "Dopey"]
[BlackElo "2293"]
[TimeControl "180+0"]
[Result "1-0"]

1. e4 e6 2. d4 d6 3. Nc3 Nf6 4. Bd3 Nc6 5. Be3 d5 6. e5 
Bb4 7. exf6 Bxc3+ 8. bxc3 N@h4 9. B@h3 gxf6 10. N@g7+ Kf8 11. Nh5 h6 
12. Nf3 Nxf3+ 13. Qxf3 P@b2 14. Rd1 N@h4 15. Qxf6 Nxg2+ 16. Bxg2 P@d2+ 17. Bxd2 
Qxf6 18. Nxf6 Ke7 19. P@e5 Q@g7 20. Q@g3 Qxg3 21. hxg3 Kd8 22. P@d6 cxd6 
23. exd6 P@c7 24. dxc7+ Ke7 25. N@g8+ Rxg8 26. Nxg8+ Kf8 27. Bxh6+ N@g7 28. Bxg7+ 
Kxg7 29. P@f6+ Kf8 30. P@e7+ Nxe7 31. fxe7+ Kxg8 32. Q@h8# 
{Dopey checkmated} 1-0

[Event "fics rated crazyhouse match"]
[Site "fics, Oklahoma City, OK USA"]
[Date "2001.02.15"]
[White "BarryWhite"]
[WhiteElo "2471"]
[Black "Dopey"]
[BlackElo "2285"]
[TimeControl "180+0"]
[Result "1-0"]

1. e4 e6 2. d4 d6 3. Nc3 Nf6 4. Bd3 Nc6 5. Nf3 Ng4 6. O-O 
Be7 7. Be3 Nb4 8. Qe2 Nxd3 9. cxd3 Rg8 10. Rae1 Bf6 11. N@h5 e5 
12. Nxf6+ gxf6 13. B@g3 Nxe3 14. fxe3 exd4 15. Nxd4 Rxg3 16. hxg3 B@f8 17. Nf5 
P@h2+ 18. Kxh2 Bxf5 19. exf5 N@e5 20. B@h3 N@g5 21. P@e6 fxe6 22. fxe6 Nxh3 
23. P@d7+ Ke7 24. N@d5+ Kxe6 25. gxh3 Kxd7 26. Nxf6+ Kc8 27. N@e6 P@f3 28. Rxf3 
Nxf3+ 29. Qxf3 P@f2 30. Qxf2 Qe7 31. P@d7+ Qxd7 32. Nxd7 R@e8 33. Ndxf8 B@a4 
34. Nxa4 B@g1+ 35. Rxg1 B@c6 36. Nc3 Rxe6 37. Nxe6 N@f1+ 38. Rxf1 b6 39. B@a6+ 
Kd7 40. Qf7+ P@e7 41. N@f6# 
{Dopey checkmated} 1-0

[Event "fics rated crazyhouse match"]
[Site "fics, Oklahoma City, OK USA"]
[Date "2001.02.15"]
[White "LINDEGREN"]
[WhiteElo "2388"]
[Black "Dopey"]
[BlackElo "2278"]
[TimeControl "180+0"]
[Result "0-1"]

1. e4 e6 2. Nc3 d6 3. d4 Be7 4. Nf3 Bh4 5. Bb5+ c6 6. Bd3 
Bxf2+ 7. Kxf2 P@b4 8. Ne2 d5 9. e5 c5 10. Bb5+ Bd7 11. Bxd7+ Qxd7 
12. Rf1 cxd4 13. Nexd4 P@a3 14. bxa3 bxa3 15. Bxa3 P@e4 16. Kg1 B@e3+ 17. B@f2 
exf3 18. Bxe3 fxg2 19. Kxg2 N@c4 20. B@c1 Nxe5 21. B@g3 P@f4 22. Bexf4 Nec6 
23. Nb5 e5 24. Qe2 Nge7 25. Bxe5 Nxe5 26. Bxe5 B@h3+ 27. Kg1 O-O 28. P@h6 
Bxf1 29. Qxf1 P@f2+ 30. Qxf2 R@d1+ 31. B@f1 Qxb5 32. P@g2 Rxf1+ 33. Qxf1 Qxf1+ 
34. Kxf1 Q@d1+ 35. R@e1 B@e2+ 36. Kf2 N@g4+ 37. Kg3 Qxe1+ 38. Kf4 R@f5# 
{LINDEGREN checkmated} 0-1

[Event "fics rated crazyhouse match"]
[Site "fics, Oklahoma City, OK USA"]
[Date "2001.02.15"]
[White "Dopey"]
[WhiteElo "2296"]
[Black "LINDEGREN"]
[BlackElo "2378"]
[TimeControl "180+0"]
[Result "0-1"]

1. e4 Nf6 2. Nc3 Nc6 3. d4 d5 4. e5 Ne4 5. Nxe4 dxe4 6. Be3 
e6 7. N@g5 Qd5 8. Nxf7 Kxf7 9. c4 Qa5+ 10. Bd2 Bb4 11. Bxb4 Nxb4 
12. Qh5+ B@g6 13. Qe2 Nc2+ 14. Kd1 Nxa1 15. B@c1 N@d3 16. Nf3 exf3 17. Qxf3+ 
N@f6 18. Bxd3 Bxd3 19. Qxd3 B@c2+ 20. Qxc2 Nxc2 21. N@g5+ Ke7 22. exf6+ gxf6 
23. B@c5+ P@d6 24. N@e5 dxc5 25. P@g7 R@e1+ 26. Rxe1 Qxe1+ 27. Kxc2 B@a4+ 28. N@b3 
N@a1+ 29. Kb1 Q@c2+ 30. Kxa1 R@b1# 
{Dopey checkmated} 0-1

[Event "fics rated crazyhouse match"]
[Site "fics, Oklahoma City, OK USA"]
[Date "2001.02.15"]
[White "LINDEGREN"]
[WhiteElo "2384"]
[Black "Dopey"]
[BlackElo "2286"]
[TimeControl "180+0"]
[Result "1-0"]

1. e4 e6 2. Nc3 d6 3. d4 Be7 4. Nf3 Bh4 5. Nxh4 Qxh4 6. B@g3 
Qd8 7. Bb5+ c6 8. Bd3 Nf6 9. O-O N@g4 10. Be3 Nxe3 11. fxe3 B@g5 
12. Qe2 O-O 13. e5 dxe5 14. dxe5 Bxe3+ 15. Qxe3 Ng4 16. Qe2 P@f5 17. B@d6 
P@e7 18. P@c7 exd6 19. cxd8=Q Rxd8 20. exd6 B@e3+ 21. Kh1 P@e4 22. Bxe4 Nxh2 
23. Bxh2 Bd4 24. P@e7 Re8 25. Q@f8+ Rxf8 26. exf8=Q+ Kxf8 27. P@e7+ Kg8 28. R@f8# 
{Dopey checkmated} 1-0

[Event "fics rated crazyhouse match"]
[Site "fics, Oklahoma City, OK USA"]
[Date "2001.02.15"]
[White "Dopey"]
[WhiteElo "2277"]
[Black "LINDEGREN"]
[BlackElo "2390"]
[TimeControl "180+0"]
[Result "1-0"]

1. e4 Nf6 2. Nc3 Nc6 3. d4 d5 4. exd5 Nxd5 5. Nf3 e6 6. Nxd5 
exd5 7. P@g6 hxg6 8. Bg5 Bb4+ 9. c3 Be7 10. Qe2 P@e4 11. Bxe7 Qxe7 
12. B@c5 B@d6 13. O-O-O P@d3 14. Qe3 N@c4 15. Qe1 Bg4 16. Bxd3 Bxc5 17. Bxc4 
dxc4 18. dxc5 B@d3 19. N@d5 Qd8 20. Rxd3 cxd3 21. Qxe4+ B@e6 22. P@d7+ Kxd7 
23. Qxd3 Bxf3 24. Qxf3 N@e5 25. Qd1 R@d3 26. P@e7 Nxe7 27. B@b5+ P@c6 28. Bxd3 
Nxd5 29. Bxg6 fxg6 30. N@f4 B@g5 31. Qxd5+ Bxd5 32. P@e6+ Bxe6 33. R@d4+ P@d5 
34. Rxd5+ cxd5 35. N@b6+ axb6 36. P@c6+ bxc6 37. P@e3 Bxf4 38. exf4 R@a1+ 39. B@b1 
Q@e2 40. B@d2 Nd3+ 41. Kc2 Qe4 42. B@f5 gxf5 43. f3 Nf2+ 44. fxe4 B@d3+ 
45. Kb3 P@c4+ 46. Kb4 
{LINDEGREN forfeits on time} 1-0

[Event "fics rated crazyhouse match"]
[Site "fics, Oklahoma City, OK USA"]
[Date "2001.02.15"]
[White "LINDEGREN"]
[WhiteElo "2380"]
[Black "Dopey"]
[BlackElo "2293"]
[TimeControl "180+0"]
[Result "0-1"]

1. e4 e6 2. Nc3 d6 3. d4 Be7 4. Nf3 Bd7 5. Bd3 Nc6 6. O-O 
Nb4 7. Be3 Bh4 8. Nxh4 Qxh4 9. B@g3 N@h3+ 10. gxh3 Qxh3 11. N@f4 Qh6 
12. Nfd5 exd5 13. Bxh6 N@h3+ 14. Kh1 Nxh6 15. Nxd5 P@g2+ 16. Kxg2 Nxd5 17. exd5 
N@f4+ 18. Bxf4 Nxf4+ 19. Kf3 B@g4+ 20. Kxf4 Bxd1 21. Raxd1 B@g5+ 22. Kf3 Q@g4# 
{LINDEGREN checkmated} 0-1

[Event "fics rated crazyhouse match"]
[Site "fics, Oklahoma City, OK USA"]
[Date "2001.02.15"]
[White "Dopey"]
[WhiteElo "2308"]
[Black "LINDEGREN"]
[BlackElo "2370"]
[TimeControl "180+0"]
[Result "0-1"]

1. e4 Nf6 2. Nc3 Nc6 3. d4 d5 4. exd5 Nxd5 5. Nf3 e6 6. Nxd5 
exd5 7. P@g6 hxg6 8. N@e5 Be6 9. Bb5 P@d7 10. Bg5 P@f6 11. Bxc6 dxc6 
12. N@f4 Bf5 13. Nfxg6 Bxg6 14. P@d7+ Ke7 15. Bxf6+ gxf6 16. Nxg6+ fxg6 17. P@e6 
B@f5 18. Qe2 N@e4 19. Qxe4 dxe4 20. B@c5+ B@d6 21. Bxd6+ cxd6 22. N@c8+ Kxe6 
23. Nxd6 Bxd6 24. P@c7 Qxc7 25. d8=Q Raxd8 26. Nd2 P@e2 27. B@c4+ B@d5 28. Bxe2 
N@f4 29. Bf1 P@f3 30. Nxf3 exf3 31. gxf3 P@g2 32. P@e2 gxf1=Q+ 33. Rxf1 B@d2+ 
34. Kd1 N@c4 35. P@c3 N@e3+ 36. fxe3 Q@e1+ 37. Rxe1 N@f2# 
{Dopey checkmated} 0-1

[Event "fics rated crazyhouse match"]
[Site "fics, Oklahoma City, OK USA"]
[Date "2001.02.15"]
[White "LINDEGREN"]
[WhiteElo "2377"]
[Black "Dopey"]
[BlackElo "2299"]
[TimeControl "180+0"]
[Result "1-0"]

1. e4 e6 2. Nc3 Nc6 3. d4 Bb4 4. Nf3 Bxc3+ 5. bxc3 N@g4 6. B@h4 
Qxh4 7. Nxh4 Nxf2 8. Kxf2 Nf6 9. Bd3 B@h5 10. Nf3 Nxd4 11. cxd4 Bxf3 
12. Qxf3 P@b2 13. Bxb2 N@d2 14. Qe2 Nfxe4+ 15. Bxe4 Nxe4+ 16. Qxe4 P@e3+ 17. Qxe3 
P@c3 18. B@h4 B@e7 19. Bxe7 f6 20. Bxf6 gxf6 21. P@f7+ Kd8 22. P@g7 B@h4+ 
23. B@g3 Bxg3+ 24. hxg3 c5 25. B@d6 B@e1+ 26. Rhxe1 cxd4 27. P@c7# 
{Dopey checkmated} 1-0

[Event "fics rated crazyhouse match"]
[Site "fics, Oklahoma City, OK USA"]
[Date "2001.02.15"]
[White "Dopey"]
[WhiteElo "2290"]
[Black "LINDEGREN"]
[BlackElo "2383"]
[TimeControl "180+0"]
[Result "0-1"]

1. e4 Nf6 2. Nc3 e6 3. e5 Nd5 4. d4 d6 5. Nxd5 exd5 6. N@g5 
Be6 7. Nxe6 fxe6 8. B@h5+ N@g6 9. Qg4 Qe7 10. Bxg6+ hxg6 11. Qxg6+ B@f7 
12. Bb5+ Nc6 13. exd6 cxd6 14. Bxc6+ bxc6 15. P@d7+ Qxd7 16. N@f6+ gxf6 17. Qxf6 
B@g7 18. N@g4 P@f5 19. P@g6 Bxg6 20. Qxg6+ P@f7 21. Nf6+ Bxf6 22. Qxf6 P@g7 
23. Qg5 N@e4 24. P@g6 Nxg5 25. Bxg5 fxg6 26. N@g3 N@f7 27. Nf3 N@e4 28. Nxe4 
dxe4 29. Nh4 Nxg5 30. Nxg6 N@f3+ 31. gxf3 Nxf3+ 32. Ke2 Nxd4+ 33. Ke3 Q@e2+ 
34. Kxd4 B@f6+ 35. P@e5 dxe5+ 36. Kc3 Qd4+ 37. Kb3 Qec4# 
{Dopey checkmated} 0-1

[Event "fics rated crazyhouse match"]
[Site "fics, Oklahoma City, OK USA"]
[Date "2001.02.15"]
[White "LINDEGREN"]
[WhiteElo "2389"]
[Black "Dopey"]
[BlackElo "2282"]
[TimeControl "180+0"]
[Result "1-0"]

1. e4 Nf6 2. Nc3 e6 3. d4 Nc6 4. Nf3 d5 5. exd5 exd5 6. Bb5 
P@h3 7. Qe2+ Be7 8. gxh3 Bxh3 9. Rg1 P@g2 10. Ne5 O-O 11. Bxc6 bxc6 
12. Nxc6 Bd6 13. Nxd8 Raxd8 14. P@h6 Rfe8 15. P@e5 Rxe5 16. dxe5 Bg4 17. hxg7 
P@d2+ 18. Bxd2 N@d3+ 19. cxd3 B@h8 20. gxh8=Q+ Kxh8 21. Rxg2 Rg8 22. exf6 Bf8 
23. P@e7 Bxe2 24. Rxg8+ Kxg8 25. exf8=Q+ Kxf8 26. P@e7+ Kg8 27. R@f8# 
{Dopey checkmated} 1-0

[Event "fics rated crazyhouse match"]
[Site "fics, Oklahoma City, OK USA"]
[Date "2001.02.15"]
[White "Dopey"]
[WhiteElo "2275"]
[Black "LINDEGREN"]
[BlackElo "2395"]
[TimeControl "180+0"]
[Result "0-1"]

1. e4 Nf6 2. Nc3 Nc6 3. d4 e6 4. Bg5 Be7 5. e5 Nd5 6. Bxe7 
Qxe7 7. Nxd5 exd5 8. N@f5 Qg5 9. Nxg7+ Qxg7 10. B@f6 Qh6 11. Bxh8 B@d2+ 
12. Qxd2 Qxd2+ 13. Kxd2 N@e4+ 14. Kc1 Q@d2+ 15. Kb1 Qd1+ 16. R@c1 Nd2# 
{Dopey checkmated} 0-1

[Event "fics rated crazyhouse match"]
[Site "fics, Oklahoma City, OK USA"]
[Date "2001.02.15"]
[White "LINDEGREN"]
[WhiteElo "2400"]
[Black "Dopey"]
[BlackElo "2268"]
[TimeControl "180+0"]
[Result "1-0"]

1. e4 e6 2. d4 d6 3. Nc3 Nf6 4. Nf3 Be7 5. Bd3 Nc6 6. O-O 
Ng4 7. Be3 Bf6 8. Qe2 Nxh2 9. Kxh2 P@g4 10. Ng1 Bxd4 11. Qxg4 h5 
12. Qe2 Bxc3 13. bxc3 Qh4+ 14. P@h3 N@c1 15. Raxc1 P@b2 16. Rb1 Ne5 17. B@g3 
Qf6 18. Rxb2 Nxd3 19. cxd3 h4 20. Bgf4 B@h5 21. P@g4 Bxg4 22. Qxg4 e5 
23. N@f5 Bxf5 24. exf5 exf4 25. Bxf4 P@g3+ 26. fxg3 hxg3+ 27. Bxg3 Qxc3 28. Re2+ 
P@e7 29. P@e6 O-O-O 30. B@d7+ Kb8 31. N@d5 Qxd3 32. Nxc7 fxe6 33. B@c4 Rxd7 
34. N@a6+ bxa6 35. Nxa6+ Ka8 36. Bxd3 P@b7 37. fxe6 bxa6 38. exd7 N@b8 39. P@c7 
Nxd7 40. Qxd7 N@g4+ 41. Qxg4 B@b7 42. N@d7 N@c6 43. R@b8+ Nxb8 44. cxb8=Q+ Rxb8 
45. N@c7# 
{Dopey checkmated} 1-0

[Event "fics rated crazyhouse match"]
[Site "fics, Oklahoma City, OK USA"]
[Date "2000.02.16"]
[White "AnalogKid"]
[WhiteElo "2371"]
[Black "ChessBritiania"]
[BlackElo "2065"]
[TimeControl "60+0"]
[Result "1-0"]

1. e4 Nc6 2. d4 Nf6 3. Nc3 e5 4. d5 Nd4 5. Be3 Bc5 6. Nh3 
d6 7. Ng5 O-O 8. Bd3 Bg4 9. Qd2 h6 10. Nxf7 Rxf7 11. Bxd4 exd4 
12. P@e6 Rf8 13. Nb5 B@g5 14. Qa5 Bb6 15. Qb4 Bc5 16. Qb3 N@d2 17. Nxd4 
Nxb3 18. P@f7+ Kh8 19. N@g6+ Kh7 20. e7 Bd2+ 21. Kf1 Qxe7 22. Nxe7 P@e2+ 
23. Nxe2 Bxe2+ 24. Kxe2 Bxf2 25. Q@f5+ g6 {-1} 26. Qxg6+ Kh8 {-4} 27. P@g7# 
{ChessBritiania checkmated} 1-0

[Event "fics rated crazyhouse match"]
[Site "fics, Oklahoma City, OK USA"]
[Date "2000.02.16"]
[White "pminear"]
[WhiteElo "2471"]
[Black "LINDEGREN"]
[BlackElo "2320"]
[TimeControl "120+0"]
[Result "0-1"]

1. e4 Nf6 2. Nc3 e6 3. e5 Nd5 4. Nxd5 exd5 5. Nf3 d6 6. d4 
Nc6 7. Bb5 Bd7 8. Qe2 N@e4 9. c4 a6 10. Bxc6 bxc6 11. cxd5 cxd5 
12. P@d3 B@b5 13. N@c3 Nxc3 14. bxc3 Bxd3 15. Qxd3 P@e4 16. Qe2 exf3 17. gxf3 
N@g2+ 18. Kf1 N@f4 19. Bxf4 Nxf4 20. Qd2 P@g2+ 21. Ke1 gxh1=Q+ 22. B@f1 Qxf1+ 
23. Kxf1 B@g2+ 24. Ke1 R@f1# 
{pminear checkmated} 0-1

[Event "fics rated crazyhouse match"]
[Site "fics, Oklahoma City, OK USA"]
[Date "2000.02.16"]
[White "LINDEGREN"]
[WhiteElo "2331"]
[Black "pminear"]
[BlackElo "2460"]
[TimeControl "120+0"]
[Result "0-1"]

1. e4 e5 2. Nf3 Nc6 3. Bc4 Bc5 4. O-O Nf6 5. Nc3 d6 6. d3 
Bg4 7. Be3 h6 8. h3 Bh5 9. Nd5 Nxd5 10. exd5 Nd4 11. Bxd4 Bxd4 
12. N@f5 B@f6 13. N@g3 Bxf3 14. Qxf3 N@g5 15. Qd1 N@f4 16. Kh2 Qd7 17. Nxd4 
exd4 18. B@g4 Qe7 19. Re1 N@e5 20. B@d7+ Kf8 21. Bdf5 h5 22. Nxh5 Nxh5 
23. Bxh5 g6 24. Bfxg6 fxg6 25. N@f4 gxh5 26. Ng6+ Nxg6 27. Rxe7 Bxe7 28. P@e6 
B@e5+ 29. P@g3 h4 30. Q@f5+ R@f6 31. Qxg5 hxg3+ 32. fxg3 Bxg3+ 33. Qxg3 B@f4 
34. N@d7+ Kg7 35. Qxf4 Rxf4 36. B@g3 N@g4+ 37. Qxg4 Rxg4 38. N@f5+ Kh7 39. hxg4 
P@g7 40. B@h5 N@f8 41. Nxf8+ Nxf8 42. N@f7 Ng6 43. Nxh8 Kxh8 44. Bxg6 P@h7 
45. R@h5 N@f1+ 46. Rxf1 N@f3+ 47. Kh1 Q@h6 
{LINDEGREN forfeits on time} 0-1

[Event "fics rated crazyhouse match"]
[Site "fics, Oklahoma City, OK USA"]
[Date "2000.02.16"]
[White "pminear"]
[WhiteElo "2465"]
[Black "LINDEGREN"]
[BlackElo "2326"]
[TimeControl "120+0"]
[Result "0-1"]

1. e4 Nf6 2. Nc3 e6 3. e5 Nd5 4. Nxd5 exd5 5. Nf3 d6 6. d4 
a6 7. exd6 Bxd6 8. P@e5 Qe7 9. Qe2 Bb4+ 10. c3 P@e4 11. Ng5 N@d3+ 
12. Kd1 Nxc1 13. Rxc1 Qxg5 14. cxb4 B@d3 15. Qd2 Qxd2+ 16. Kxd2 e3+ 17. Kxd3 
Q@d2# 
{pminear checkmated} 0-1

[Event "fics rated crazyhouse match"]
[Site "fics, Oklahoma City, OK USA"]
[Date "2000.02.16"]
[White "LINDEGREN"]
[WhiteElo "2337"]
[Black "pminear"]
[BlackElo "2454"]
[TimeControl "120+0"]
[Result "1-0"]

1. e4 e5 2. Nf3 Nc6 3. Bc4 Bc5 4. Nc3 Nf6 5. O-O d6 6. d3 
Bg4 7. Be3 h6 8. h3 Bxf3 9. Qxf3 Bxe3 10. fxe3 N@g5 11. Qe2 B@b6 
12. B@f5 Bxe3+ 13. Qxe3 P@d4 14. Qe2 dxc3 15. bxc3 N@f4 16. Rxf4 exf4 17. P@g6 
fxg6 18. Bxg6+ Kf8 19. B@h4 P@d7 20. Bxg5 hxg5 21. N@f7 B@g3 22. Nxd8 Nxd8 
23. P@e7+ Kxe7 24. N@f5+ Kf8 
{pminear resigns} 1-0

[Event "fics rated crazyhouse match"]
[Site "fics, Oklahoma City, OK USA"]
[Date "2000.02.16"]
[White "pminear"]
[WhiteElo "2443"]
[Black "LINDEGREN"]
[BlackElo "2348"]
[TimeControl "120+0"]
[Result "0-1"]

1. e4 Nf6 2. Nc3 e6 3. e5 Nd5 4. Nxd5 exd5 5. Nf3 d6 6. Bb5+ 
c6 7. Be2 N@f4 8. Rg1 Nd7 9. d4 dxe5 10. Nxe5 Nxe5 11. Bxf4 N@g6 
12. Bxe5 Nxe5 13. dxe5 B@c5 14. N@h5 P@e3 15. P@d4 exf2+ 16. Kxf2 Qh4+ 17. Kf1 
Bxd4 18. N@g4 Bxg4 19. P@g3 N@e3+ 20. Ke1 P@f2+ 21. Kd2 Nxd1 22. gxh4 Q@e3+ 
23. Kxd1 Bxe2# 
{pminear checkmated} 0-1

[Event "fics rated crazyhouse match"]
[Site "fics, Oklahoma City, OK USA"]
[Date "2000.02.16"]
[White "pminear"]
[WhiteElo "2439"]
[Black "LINDEGREN"]
[BlackElo "2352"]
[TimeControl "120+0"]
[Result "1-0"]

1. e4 Nf6 2. Nc3 e6 3. e5 Nd5 4. Nf3 Nc6 5. Nxd5 exd5 6. Bb5 
N@f4 7. Rg1 a6 8. Bf1 d6 9. d4 dxe5 10. Nxe5 Nxe5 11. dxe5 Ne6 
12. N@f5 P@e4 13. N@h5 Rg8 14. P@f6 Bb4+ 15. Bd2 Bxd2+ 16. Qxd2 B@g5 17. Nhxg7+ 
Nxg7 18. Qxg5 Bxf5 19. P@e7 Qd7 20. fxg7 N@g4 21. Qxg4 Bxg4 22. N@f6+ Kxe7 
23. Nxg8+ Rxg8 24. B@f6+ Ke8 25. R@f8+ Rxf8 26. gxf8=Q+ Kxf8 27. B@g7+ Ke8 28. R@f8# 
{LINDEGREN checkmated} 1-0

[Event "fics rated crazyhouse match"]
[Site "fics, Oklahoma City, OK USA"]
[Date "2000.02.16"]
[White "LINDEGREN"]
[WhiteElo "2346"]
[Black "pminear"]
[BlackElo "2445"]
[TimeControl "120+0"]
[Result "0-1"]

1. e4 e5 2. Nc3 Nc6 3. Nf3 Bc5 4. Bc4 Nf6 5. O-O d6 6. d3 
Bg4 7. Be3 Nd4 8. Bxd4 Bxd4 9. N@f5 Bxf5 10. exf5 B@g4 11. B@e4 Nxe4 
12. dxe4 B@h5 13. N@e1 N@g5 14. Be2 Bxf3 15. Nxf3 Bxf3 16. Bxf3 Nxf3+ 17. Qxf3 
N@g5 18. Qg4 h5 19. Qe2 N@f4 20. Qd1 Bxc3 21. B@c4 B@f3 22. Bxf7+ Kxf7 
23. B@e6+ Kf8 24. Qxf3 Nxf3+ 25. Kh1 B@h3 26. Rg1 Nxg1 27. Rxg1 N@g4 28. B@g3 
h4 29. N@g6+ Nxg6 30. fxg6 hxg3 
{LINDEGREN forfeits on time} 0-1

[Event "fics rated crazyhouse match"]
[Site "fics, Oklahoma City, OK USA"]
[Date "2000.02.16"]
[White "pminear"]
[WhiteElo "2451"]
[Black "LINDEGREN"]
[BlackElo "2340"]
[TimeControl "120+0"]
[Result "1-0"]

1. e4 Nf6 2. Nc3 Nc6 3. d4 e6 4. e5 Nd5 5. Nxd5 exd5 6. Nf3 
a6 7. Bg5 Be7 8. Bxe7 Qxe7 9. N@f5 Qf8 10. B@f6 N@e6 11. Nxg7+ Nxg7 
12. Bxg7 Qxg7 13. P@d6 B@a5+ 14. c3 O-O 15. dxc7 f6 16. exf6 Rxf6 17. P@e5 
Rf8 18. P@f6 Qg6 19. Bd3 P@e4 20. Nh4 Qh6 21. Nf5 B@d2+ 22. Qxd2 Qxd2+ 
23. Kxd2 Q@g5+ 24. B@e3 N@f4 25. N@h6+ Kh8 26. Bxe4 
{LINDEGREN resigns} 1-0